 Dungeon Crawl Stone Soup version 0.14.2 (webtiles) character file.

242 sudo the Skirmisher (level 4, 0/37 HPs)
             Began as a Demonspawn Fighter on June 27, 2016.
             Slain by TBriggs11TB's ghost (8 damage)
             ... on Level 3 of the Dungeon.
             The game lasted 00:03:15 (2695 turns).

sudo the Skirmisher (Demonspawn Fighter)            Turns: 2695, Time: 00:03:15

HP   0/37        AC  3     Str 21      XL: 4   Next: 58%
MP   4/4         EV  8     Int 10      God:
Gold 134         SH 18     Dex 15      Spells:  0 memorised,  3 levels left

rFire  . . .     SeeInvis .     a - +0 long sword
rCold  . . .     Clarity  .     j - +0 leather armour
rNeg   . . .     Conserve .     c - +0 shield
rPois  .         rCorr    .     (no helmet)
rElec  .         rRot     .     (no cloak)
SustAb . .       Spirit   .     (no gloves)
rMut   .         Warding  .     (no boots)
Saprov . . .     Stasis   .     (no amulet)
MR     .....                    (no ring)
                                (no ring)

@: mighty, heavily drained, not resistant to hostile enchantments, fairly
stealthy
A: thin skeletal structure 1, demonic guardian 1
a: no special abilities


You were on level 3 of the Dungeon.
You were not hungry.

You visited 1 branch of the dungeon, and saw 3 of its levels.

You collected 134 gold pieces.

Inventory:

Hand weapons
 a - a +0,+0 long sword (weapon)
Armour
 b - a +0 scale mail
 c - a +0 shield (worn)
 j - a +0 leather armour (worn)
Comestibles
 d - 2 bread rations
Scrolls
 f - a scroll of identify
 h - 2 scrolls of blinking {unknown}
 i - a scroll of teleportation
 k - a scroll of remove curse {unknown}
 m - a scroll of noise {unknown}
 n - a scroll of magic mapping {unknown}
 o - a scroll of amnesia {unknown}
 p - 3 scrolls of fog {unknown}
Potions
 g - a potion of curing


   Skills:
 + Level 3.7(2.3) Fighting
 * Level 2.5(1.2) Long Blades
 + Level 3.2(1.9) Armour
 + Level 1.1(0.0) Dodging
 * Level 1.0(0.0) Stealth
 + Level 3.0(1.7) Shields


You had 3 spell levels left.
You didn't know any spells.

Dungeon Overview and Level Annotations

Branches:
Dungeon (3/15)

Altars:

Annotations:
D:3 TBriggs11TB's ghost, average OgBe


Innate Abilities, Weirdness & Mutations

You have a somewhat thin skeletal structure (Dex +2, Stealth).
A weak demonic guardian rushes to your aid.


Message History

It was a potion of poison.
You feel sick. TBriggs11TB's ghost hits you!
You feel drained.
* * * LOW HITPOINT WARNING * * *
Drink which item? (? for menu, Esc to quit)
You feel better. You block TBriggs11TB's ghost's attack.
You slash TBriggs11TB's ghost!
TBriggs11TB's ghost is lightly damaged.
TBriggs11TB's ghost hits you!
* * * LOW HITPOINT WARNING * * *
You feel drained.
* * * LOW HITPOINT WARNING * * *
Drink which item? (? for menu, Esc to quit)
You feel better. TBriggs11TB's ghost barely misses you.
Read which item? (? for menu, Esc to quit)
As you read the scroll labeled DESTRI DISOGYJ, it crumbles to dust.
It is a scroll of identify.
Identify which item? (\ to view known items) (? for menu, Esc to quit)
i - a scroll of teleportation TBriggs11TB's ghost hits you!
You die...

#.......# ####.####
####### #.#
.......########.#
.#.## #..........#
#......##..#########
#..)..# #.#####.##
#...@p..# #########


You could see TBriggs11TB's ghost.

Vanquished Creatures
  An adder (D:2)
  2 giant mites
  A worm (D:3)
  6 giant geckos
  An ooze (D:3)
  3 orcs (D:3)
  2 ball pythons
  7 bats
  3 giant cockroaches
  11 hobgoblins
  4 jackals
  7 kobolds
  A quokka (D:3)
  8 giant newts
  4 goblins
  9 rats
70 creatures vanquished.

Vanquished Creatures (others)
  A crimson imp (D:3)
1 creature vanquished.

Grand Total: 71 creatures vanquished

Notes
Turn   | Place    | Note
--------------------------------------------------------------
     0 | D:1      | sudo, the Demonspawn Fighter, began the quest for the Orb.
     0 | D:1      | Reached XP level 1. HP: 18/18 MP: 1/1
   189 | D:1      | Gained mutation: You have a somewhat thin skeletal structure (Dex +2, Stealth). [demonic ancestry]
   189 | D:1      | Reached XP level 2. HP: 21/24 MP: 2/2
   839 | D:1      | Reached XP level 3. HP: 29/29 MP: 3/3
  1404 | D:2      | Reached skill level 1 in Dodging
  1632 | D:2      | Gained mutation: A weak demonic guardian rushes to your aid. [demonic ancestry]
  1632 | D:2      | Reached XP level 4. HP: 23/36 MP: 4/4
  2516 | D:3      | Reached skill level 1 in Stealth
  2683 | D:3      | Noticed TBriggs11TB's ghost (average OgBe)
  2695 | D:3      | Slain by TBriggs11TB's ghost

Action                   |  1- 3 |  4- 6 || total
-------------------------+-------+-------++-------
Melee: Long sword        |   153 |    83 ||   236
  Use: Potion            |       |     5 ||     5
       Scroll            |       |     1 ||     1
 Stab: Sleeping          |     1 |     6 ||     7
